 Dungeon Crawl Stone Soup version 0.18-a0-1186-gd02dc51 (webtiles) character file.

18 4thArraOfDagon the Caller (level 2, -3/24 HPs)
             Began as a Troll Summoner on Jan 28, 2016.
             Slain by an iguana (13 damage)
             ... on level 4 of the Dungeon.
             The game lasted 00:01:48 (328 turns).

4thArraOfDagon the Caller (Troll Summoner)           Turns: 328, Time: 00:01:49

Health: -3/24      AC:  5    Str: 15    XL:     2   Next: 51%
Magic:  0/2        EV:  9    Int: 11    God:
Gold:   29         SH:  0    Dex: 10    Spells: 2 memorised, 0 levels left

rFire  . . .     SeeInvis .       - Unarmed
rCold  . . .     Gourm    +     a - +0 robe
rNeg   . . .     Faith    .     (no shield)
rPois  .         Spirit   .     (helmet restricted)
rElec  .         Dismiss  .     (no cloak)
rCorr  .         Reflect  .     (gloves unavailable)
SustAt .         Harm     .     (boots unavailable)
MR     .....                    (no amulet)
Stlth  +.........               (no ring)
                                (no ring)

@: not resistant to hostile enchantments, very unstealthy
A: unfitting armour, claws 3, fast metabolism 3, gourmand, regeneration 2,
shaggy fur 1, tough skin 2
a: no special abilities


You were on level 4 of the Dungeon.
You were very full.

You visited 1 branch of the dungeon, and saw 4 of its levels.

You collected 29 gold pieces.

Inventory:

Armour
 a - a +0 robe (worn)
Scrolls
 e - a scroll of teleportation {unknown}
 f - a scroll of remove curse
 g - a scroll of recharging {unknown}
Potions
 d - a potion of flight
Books
 b - a book of Callings

   Spells                             Type                      Level
   a - Summon Small Mammal            Summoning                    1
   b - Call Imp                       Summoning                    2
   c - Call Canine Familiar           Summoning                    3
   d - Summon Guardian Golem          Hexes/Summoning              3
   e - Summon Lightning Spire         Summoning/Air                4
   f - Summon Ice Beast               Ice/Summoning                4
Comestibles
 c - 3 bread rations


   Skills:
 - Level 1.5 Dodging
 - Level 1.1 Stealth
 * Level 2.2 Unarmed Combat
 - Level 1.2 Spellcasting
 - Level 2.9 Summonings


You couldn't memorise any spells.
You knew the following spells:

 Your Spells              Type           Power        Failure   Level  Hunger
a - Summon Small Mammal   Summ           #...         12%         1    ##.....
b - Call Imp              Summ           #.......     17%         2    ###....


Dungeon Overview and Level Annotations

Branches:
Dungeon (4/15)
 Temple: D:4-7

Altars:


Innate Abilities, Weirdness & Mutations

You are too large for most types of armour.
You have claws for hands.
Your metabolism is lightning-fast.
You like to eat raw meat.
You heal very quickly.
You are covered in fur (AC +1).
You have very tough skin (AC +2).


Message History

You now have 29 gold pieces (gained 17).
An iguana comes into view.
The iguana hisses angrily.
There is a stone staircase leading up here.
There is a stone staircase leading up here.
Casting: Call Imp
Confirm with . or Enter, or press ? or * to list all spells.
A beastly little devil appears in a puff of flame.
Your crimson imp blinks!
You barely miss the iguana. The iguana bites you!
Ouch! That really hurt!
You scratch the iguana.
The iguana is moderately wounded.
The iguana closely misses you.
You scratch the iguana.
The iguana is severely wounded.
Your crimson imp blinks!
The iguana bites you!
Ouch! That really hurt!
You die...

#.# #.# #l#
#.# #.# #.#
# #.#
#.####.#
#.ยง@l..#
#.....5....#
#.########.#
# .# #


You could see an iguana and a friendly crimson imp.

Vanquished Creatures
  A worm (D:2)
  5 bats
  A giant cockroach (D:1)
  A hobgoblin (D:2)
  A giant newt (D:1)
  3 goblins
  2 kobolds
  2 rats (D:1)
16 creatures vanquished.

Notes
Turn   | Place    | Note
--------------------------------------------------------------
     0 | D:1      | 4thArraOfDagon the Troll Summoner began the quest for the Orb.
     0 | D:1      | Reached XP level 1. HP: 16/16 MP: 1/1
     0 | D:1      | f it
     0 | D:1      | goin for another boring chei win
    38 | D:1      | Reached skill level 1 in Unarmed Combat
    86 | D:2      | Reached XP level 2. HP: 19/24 MP: 2/2
   220 | D:2      | Learned a level 2 spell: Call Imp
   328 | D:4      | Slain by an iguana

Vault maps used:
D:1:      elethiomel_arrival_quiet, ashenzari_altar_1
D:2:      nicolae_overflow_hidden_temple, nicolae_gozag_zags_fifth_avenue
D:3:      lemuel_castle_with_subvaults, first_bread
D:4:      kennysheep_mini_moat, led_sif_book, makhleb_altar_promises_db,
          uniq_pikel

Action                   || total
-------------------------++-------
Melee: Unarmed           ||    52
 Cast: Call Imp          ||     1
  Use: Potion            ||     1
       Scroll            ||     1
  Eat: Chunk             ||     7
